 Dungeon Crawl Stone Soup version 0.27.1-33-g824d729ab1 (webtiles) character file.

Game seed: 11635022688086165270

110 zeram the Caller (level 4, -8/39 HPs)
             Began as a Troll Summoner on Dec 10, 2021.
             Killed by divine providence
             ... invoked by an orc priest
              (11 damage)
             ... on level 3 of the Dungeon.
             The game lasted 00:05:09 (1980 turns).

zeram the Caller (Troll Summoner)                   Turns: 1980, Time: 00:05:09

Health: -8/39      AC:  4    Str: 16    XL:     4   Next: 61%
Magic:  3/4        EV: 10    Int: 12    God:
Gold:   167        SH:  0    Dex: 10    Spells: 3/5 levels left

rFire    . . .     SeeInvis .   b - +0 club
rCold    . . .     Faith    .   (no shield)
rNeg     . . .     Spirit   .   a - +0 robe
rPois    .         Reflect  .   (helmet restricted)
rElec    .         Harm     .   (no cloak)
rCorr    .         Rampage  .   (gloves unavailable)
Will     .....                  (boots unavailable)
Stlth    +.........             (no amulet)
HPRegen  1.13/turn              (no ring)
MPRegen  0.09/turn              (no ring)

@: no status effects
A: large, unfitting armour, claws 3, regeneration 1, shaggy fur 1, tough skin 1
a: no special abilities


You were on level 3 of the Dungeon.
You visited 1 branch of the dungeon, and saw 3 of its levels.

You collected 167 gold pieces.

Inventory:

Hand Weapons
 b - a +0 club (weapon)
Missiles
 c - 96 stones
Armour
 a - a +0 robe (worn)
Scrolls
 e - 2 scrolls of amnesia
Potions
 f - a potion of resistance


   Skills:
 * Level 2.6 Maces & Flails
 + Level 2.2 Dodging
 - Level 1.0 Stealth
 - Level 1.2 Spellcasting
 + Level 3.5 Summonings


You had 3 spell levels left.
You knew the following spells:

 Your Spells              Type           Power      Damage    Failure   Level
b - Call Imp              Summ           9%         N/A       11%         2

Your spell library contained the following spells:

 Spells                   Type           Power      Damage    Failure   Level
 Summon Small Mammal      Summ           36%        N/A       7%          1
 Call Canine Familiar     Summ           9%         N/A       21%         3
 Beastly Appendage        Tmut           0%         N/A       30%         1
 Wereblood                Tmut           0%         N/A       41%         2
 Summon Guardian Golem    Hex/Summ       4%         N/A       41%         3
 Spider Form              Tmut/Pois      0%         N/A       65%         3
 Summon Lightning Spire   Summ/Air       4%         N/A       82%         4


Dungeon Overview and Level Annotations

Branches:
Dungeon (3/15)

Altars:

Shops:
D:1 *


Innate Abilities, Weirdness & Mutations

You are too large for most types of armour.
You have claws for hands.
Your natural rate of healing is unusually fast.
You are covered in fur. (AC +1)
You have tough skin. (AC +1)


Message History

The orc priest closely misses your white imp.
Your white imp hits the orc priest but does no damage.
Something hits your white imp.
The orc priest hits your white imp with a +0 falchion.
Your white imp dies!
Your white imp disappears in a puff of smoke!
You closely miss the orc priest. The orc priest closely misses you.
You barely miss the orc priest.
The orc priest hits you with a +0 short sword.
You barely miss the orc priest.
The orc priest mumbles some strange prayers to Beogh against you.
Pain shoots through your body!
The orc priest invokes the aid of Beogh against you.
Beogh smites you!
You closely miss the orc priest.
The orc priest hits you with a +0 short sword.
* * * LOW HITPOINT WARNING * * *
Unknown command.
It was a potion of heal wounds.
You feel much better. The orc priest barely misses you. x2
You hit the orc priest but do no damage.
The orc priest is almost dead.
The orc priest looks satisfied for a moment.
The orc priest hits you with a +0 falchion.
You barely miss the orc priest.
The orc priest is almost dead.
The orc priest hits you with a +0 short sword.
The orc priest hits you with a +0 falchion.
The orc priest hits you with a +0 short sword.
You hit the orc priest but do no damage.
The orc priest is almost dead.
The orc priest miscasts a cantrip.
The orc priest mumbles some strange prayers to Beogh against you.
Beogh smites you!
* * * LOW HITPOINT WARNING * * *
You barely miss the orc priest.
The orc priest is almost dead.
The orc priest calls down the wrath of Beogh upon you.
Beogh smites you!
You die...

...#####.#.#. #..#
.....)...#.#. #..#
......>...... #..#
............. #†.#
.....o## #.#.###..#
......##.#.#......#
.....o##.#.##.....#
..o...##......)oo##
..[...####.##.##@#
##o####...........#
..().##.......#..##
##o..####..#....$#
#...##....#.....#
#...##.#..#.#.#.#
#.........#.#...#
#....#.#..# ###.#
#....#.#..# .#


You could see 2 orc priests.

Vanquished Creatures
  2 adders (D:2)
  A dart slug (D:1)
  3 bats
  6 endoplasms
  4 giant cockroaches
  7 goblins
  7 hobgoblins
  3 kobolds (D:1)
  A quokka (D:3)
  3 ball pythons
  3 frilled lizards (D:1)
  9 rats
49 creatures vanquished.

Vanquished Creatures (collateral kills)
  Jessica (D:2)
  An adder (D:2)
  A gnoll (D:1)
  A worm (D:2)
  A dart slug (D:1)
  3 orcs (D:3)
  A ball python (D:2)
  An endoplasm (D:3)
  A goblin (D:3)
  2 kobolds
  A bat (D:1)
  A rat (D:2)
15 creatures vanquished.

Grand Total: 64 creatures vanquished

Notes
Turn   | Place    | Note
-------+----------+-------------------------------------------
     0 | D:1      | zeram the Troll Summoner began the quest for the Orb.
     0 | D:1      | Reached XP level 1. HP: 16/16 MP: 1/1
    10 | D:1      | Reached skill level 3 in Summonings
   160 | D:1      | Reached XP level 2. HP: 17/24 MP: 2/2
   340 | D:1      | HP: 1/24 [gnoll (7)]
   370 | D:1      | Reached skill level 1 in Maces & Flails
   436 | D:1      | Reached XP level 3. HP: 31/31 MP: 3/3
   452 | D:1      | Learned a level 2 spell: Call Imp
   609 | D:1      | Found Xeerr's Assorted Antiques.
  1101 | D:2      | Reached XP level 4. HP: 30/39 MP: 1/4
  1202 | D:2      | Noticed Jessica
  1211 | D:2      | Killed Jessica
  1396 | D:2      | Found a faded altar of an unknown god.
  1980 | D:3      | Killed from afar by an orc priest

Illustrated notes

Levels and vault maps discovered:
D:1:      mrwooster_arrival_statue_2, layout_loops_cross, serial_shops,
          shop_coins
D:2:      layout_loops_corners, ebering_ecumenical_altar_petrified,
          hangedman_abyss_or_decor_lesser_grid, uniq_jessica
D:3:      layout_basic, serial_shops, shop, uniq_grinder, uniq_ijyb

Skill      XL: |  1  2  3 |
---------------+----------+-----
Summonings     | 3 |  3.5
Maces & Flails | 1 2 |  2.6
Dodging        | 2 |  2.2
Stealth        | |  1.0
Spellcasting   | |  1.2

Action                   |  1- 3 |  4- 6 || total
-------------------------+-------+-------++-------
Melee: Club              |   171 |    85 ||   256
       Unarmed           |     6 |       ||     6
 Cast: Summon Small Mamm |     5 |       ||     5
       Call Imp          |     2 |    13 ||    15
  Use: Scroll            |     3 |     2 ||     5
       Potion            |       |     1 ||     1
 Stab: Distracted        |     2 |       ||     2
       Sleeping          |     3 |       ||     3
Armor: Robe              |    59 |    39 ||    98
Dodge: Dodged            |   107 |    47 ||   154
